 Dungeon Crawl Stone Soup version 0.25-a0-109-ge9c0e85935 (webtiles) character file.

Game seed: 10938677824817680247, levelgen mode: deterministic

108 Leeroy the Slasher (level 4, -4/34 HPs)
             Began as a Barachi Skald on Nov 18, 2019.
             Slain by Sigmund
             ... wielding a +0 scythe
              (8 damage)
             ... on level 3 of the Dungeon.
             The game lasted 00:05:49 (3224 turns).

Leeroy the Slasher (Barachi Skald)                  Turns: 3224, Time: 00:05:49

Health: -4/34      AC:  5    Str: 13    XL:     4   Next: 87%
Magic:  5/7        EV: 12    Int: 14    God:
Gold:   108        SH:  0    Dex: 11    Spells: 0/7 levels left

rFire    . . .     SeeInvis .   a - +0 falchion
rCold    . . .     Gourm    .   (no shield)
rNeg     . . .     Faith    .   b - +0 leather armour
rPois    .         Spirit   .   (no helmet)
rElec    .         Reflect  .   (no cloak)
rCorr    .         Harm     .   j - +0 pair of gloves
MR       .....                  s - +0 pair of boots
Stlth    +.........             (no amulet)
HPRegen  0.11/turn              (no ring)
MPRegen  0.10/turn              (no ring)

@: slow
A: +LOS, swims, slowness 1, strong legs 1
a: Hop


You were on level 3 of the Dungeon.
You were near starving.

You visited 1 branch of the dungeon, and saw 3 of its levels.

You collected 108 gold pieces.

Inventory:

Hand Weapons
 a - a +0 falchion (weapon)
 r - a +0 short sword
Missiles
 k - 54 stones (quivered)
Armour
 b - a +0 leather armour (worn)
 j - a +0 pair of gloves (worn)
 s - a +0 pair of boots (worn)
Jewellery
 f - an uncursed ring of fire {unknown}
 n - an uncursed ring of resist corrosion {unknown}
Scrolls
 c - a scroll of fog
 e - 4 scrolls of identify {unknown}
 g - a scroll of remove curse {unknown}
 h - a scroll of teleportation
 i - a scroll of fear {unknown}
 m - a scroll of enchant weapon {unknown}
 q - a scroll of enchant armour {unknown}
Potions
 l - a potion of heal wounds {unknown}
 o - a potion of brilliance {unknown}
 p - 2 potions of mutation {unknown}
Comestibles
 d - 5 rations


   Skills:
 - Level 2.4 Fighting
 - Level 5.0 Long Blades
 - Level 1.2 Armour
 - Level 2.1 Dodging
 - Level 2.1 Spellcasting
 + Level 2.5 Hexes
 - Level 3.2 Charms


You couldn't memorise any spells.
You knew the following spells:

 Your Spells              Type           Power        Failure   Level  Hunger
a - Infusion              Chrm           ##..         8%          1    #......
b - Spectral Weapon       Hex/Chrm       #.......     26%         3    ###....
c - Regeneration          Chrm/Necr      #.........   41%         3    ###....

Your spell library contained the following spells:

 Spells                   Type           Power        Failure   Level  Hunger
 Song of Slaying          Chrm           ##......     12%         2    ###....
 Shroud of Golubria       Chrm/Tloc      #.....       22%         2    ###....


Dungeon Overview and Level Annotations

Branches:
Dungeon (3/15)

Altars:

Annotations:
D:2 1 runed translucent door, Crazy Yiuf
D:3 Sigmund


Innate Abilities, Weirdness & Mutations

Shadows flee at your approach. (+LOS)
You can swim through water.
You cover ground slowly.
You can hop short distances.


Message History

Your spectral weapon completely misses Sigmund.
The frilled lizard bites your spectral weapon.
Your spectral weapon shares its damage with you!
Sigmund hits you with a +0 scythe!
* * * LOW HITPOINT WARNING * * *
You hit Sigmund.
Sigmund is heavily wounded.
Your spectral weapon hits Sigmund.
The frilled lizard closely misses your spectral weapon.
Sigmund closely misses your spectral weapon.
You closely miss Sigmund.
Sigmund is severely wounded.
Your spectral weapon barely misses Sigmund.
The frilled lizard bites your spectral weapon but does no damage.
You barely miss Sigmund.
Sigmund is severely wounded.
Your spectral weapon hits Sigmund.
The frilled lizard bites your spectral weapon.
Sigmund hits you with a +0 scythe!
You die...

### # ## ... .
....#.#
#.#.#.#
#.#.#.#
#.....#
#.#..<.####.##
+....@(l......
#.>...@####.##
###......
##.##### #. #.
#. ##


You could see Sigmund, a frilled lizard and a friendly spectral +0 falchion.

Vanquished Creatures
  An adder (D:2)
  3 gnolls (D:2)
  An ooze (D:1)
  An adder skeleton (D:2)
  2 worms (D:2)
  A leopard gecko (D:1)
  4 giant cockroaches
  4 goblins
  5 hobgoblins
  9 jackals (D:2)
  8 kobolds
  A quokka (D:2)
  A ball python (D:2)
  6 bats
  7 frilled lizards
  2 rats
56 creatures vanquished.

Notes
Turn   | Place    | Note
-------+----------+-------------------------------------------
     0 | D:1      | Leeroy the Barachi Skald began the quest for the Orb.
     0 | D:1      | Reached XP level 1. HP: 17/17 MP: 3/3
   108 | D:1      | Reached skill level 3 in Long Blades
   137 | D:1      | Reached XP level 2. HP: 8/23 MP: 5/5
   440 | D:1      | Reached skill level 4 in Long Blades
   449 | D:1      | Reached XP level 3. HP: 3/28 MP: 6/6
   724 | D:1      | Learned a level 3 spell: Spectral Weapon
  1204 | D:2      | Reached skill level 5 in Long Blades
  1235 | D:2      | Reached XP level 4. HP: 10/34 MP: 7/7
  1587 | D:2      | Found a runed translucent door.
  1588 | D:2      | Noticed Crazy Yiuf
  1646 | D:2      | Reached skill level 1 in Hexes
  3019 | D:2      | Learned a level 3 spell: Regeneration
  3214 | D:3      | Noticed Sigmund
  3224 | D:3      | Slain by Sigmund

Levels and vault maps discovered:
D:1:      dpeg_arrival_long_road, layout_basic
D:2:      layout_basic, uniq_crazy_yiuf_cottage
D:3:      layout_loops_corners, uniq_grinder, uniq_robin, uniq_jessica,
          uniq_sigmund, uniq_terence

Skill      XL: |  1  2  3  4 |
---------------+-------------+-----
Long Blades    | 3 4 5 |  5.0
Hexes          | 2 |  2.5
Fighting       | |  2.4
Armour         | |  1.2
Dodging        | |  2.1
Spellcasting   | |  2.1
Charms         | |  3.2

Action                   |  1- 3 |  4- 6 || total
-------------------------+-------+-------++-------
Melee: Falchion          |   124 |   104 ||   228
 Cast: Spectral Weapon   |     2 |     1 ||     3
 Abil: Hop               |       |     1 ||     1
  Use: Scroll            |     1 |     1 ||     2
 Stab: Sleeping          |       |     1 ||     1
  Eat: Chunk             |     2 |     5 ||     7
Armor: Leather armour    |    53 |    26 ||    79
Dodge: Dodged            |    98 |    59 ||   157
       Rpst.: Falchion   |    32 |    20 ||    52

Table legend:
 A = Non-vault XP
 B = Vault XP
 C = Vault XP percentage of total XP
 D = Non-vault monster count
 E = Vault monster count
 F = Vault count percentage of total count
                 A         B        C        D         E       F
            +---------+---------+-------+---------+---------+-------
      Total |     155 |       0 |   0.0 |      56 |       0 |   0.0
            +---------+---------+-------+---------+---------+-------
        D:1 |      34 |       0 |   0.0 |      17 |       0 |   0.0
        D:2 |     119 |       0 |   0.0 |      38 |       0 |   0.0
        D:3 |       2 |       0 |   0.0 |       1 |       0 |   0.0
            +---------+---------+-------+---------+---------+-------
